 Dungeon Crawl Stone Soup version 0.29.1-1-gd02db6906a (webtiles) character file.

Game seed: 10814185186089475049

2 funnyparkerb the Trooper (level 1, -1/11 HPs)
             Began as a Vine Stalker Monk on Sept 29, 2022.
             Slain by a quokka (2 damage)
             ... on level 1 of the Dungeon.
             The game lasted 00:00:18 (308 turns).

funnyparkerb the Trooper (Vine Stalker Monk)         Turns: 308, Time: 00:00:18

Health: -1/11      AC:  2    Str: 13    XL:     1   Next: 40%
Magic:  0/2        EV: 12    Int: 10    God:
Gold:   14         SH:  0    Dex: 16    Spells: 0/0 levels left

rFire   . . .      SeeInvis .   a - +0 short sword
rCold   . . .      Faith    .   (no shield)
rNeg    . . .      Spirit   +   b - +0 robe
rPois   .          Reflect  .   (no helmet)
rElec   .          Harm     .   (no cloak)
rCorr   .          Rampage  .   (no gloves)
Will    .....                   (no boots)
Stlth   ++........              (no amulet)
HPRegen 0.03/turn               (no ring)
MPRegen 0.08/turn               (no ring)

@: no status effects
A: fangs 2, magic shield, antimagic bite, no potion heal 2
a: no special abilities


You were on level 1 of the Dungeon.
You visited 1 branch of the dungeon, and saw 1 of its levels.

You collected 14 gold pieces.

Inventory:

Hand Weapons
 a - a +0 short sword (weapon)
Missiles
 f - 2 boomerangs (quivered)
Armour
 b - a +0 robe (worn)
Scrolls
 e - a scroll of fear {unknown}
Potions
 c - a potion of ambrosia
 d - a potion of degeneration {unknown}


   Skills:
 * Level 2.7 Fighting
 * Level 2.7 Short Blades
 * Level 2.4 Dodging
 + Level 2.5 Stealth


You couldn't memorise any spells.
You didn't know any spells.
Your spell library was empty.

Dungeon Overview and Level Annotations

Branches:
Dungeon (1/15)

Altars:


Innate Abilities, Weirdness & Mutations

You have extremely sharp teeth.
When hurt, damage is shared between your health and your magic reserves.
Your bite disrupts and absorbs the magic of your enemies.
Potions cannot restore your health.


Message History

You hit the hobgoblin but do no damage. The hobgoblin barely misses you.
You hit the hobgoblin.
You bite the hobgoblin, but do no damage.
The hobgoblin is lightly wounded.
The hobgoblin hits you.
You hit the hobgoblin. You bite the hobgoblin. You drain its power.
You feel invigorated.
The hobgoblin is almost dead.
The hobgoblin misses you.
You hit the hobgoblin but do no damage. You punch the hobgoblin.
You kill the hobgoblin!
No target in view!
No target in view!
You now have 14 gold pieces.
You open the door.
There is an open door here.
You open the door.
There is an open door here.
A kobold comes into view. It is wielding a +0 whip.
A kobold is nearby!
A ball python comes into view.
The kobold shouts!
A quokka comes into view.
Found a broad axe.
The ball python hisses angrily.
The ball python closely misses you. The ball python grabs you.
The ball python constricts you.
You hit the ball python but do no damage.
The ball python bites you. The ball python constricts you.
The kobold hits you with a +0 whip.
You hit the ball python.
The ball python is severely wounded.
The ball python bites you. The ball python constricts you.
* * * LOW HITPOINT WARNING * * *
The kobold hits you with a +0 whip.
* * * LOW HITPOINT WARNING * * *
You escape the ball python's grasp.
The kobold attacks as you move away! The kobold hits you with a +0 whip.
The quokka attacks as you move away! The quokka bites you.
You die...

#.##.##.####.#
#.##.........#
#.#####.###### ## #.#
##'## .. #.# ##...## .#
# ..###....>## .# .##.
####.......## ##.#.....
###.........####.r......
..'.........'...@S......
###.........####.K......
##.......## #.....#..
##.....## #.###.#
##...#######.. #
##........#..
####..#####....#
#.....#### ##)#
####.#......#


You could see a quokka, a ball python and a kobold.

Vanquished Creatures
  A ball python (D:1)
  A hobgoblin (D:1)
2 creatures vanquished.

Notes
Turn   | Place    | Note
-------+----------+-------------------------------------------
     0 | D:1      | funnyparkerb the Vine Stalker Monk began the quest for the
                  | Orb.
     0 | D:1      | Reached XP level 1. HP: 11/11 MP: 2/2
   308 | D:1      | Slain by a quokka

Illustrated notes

Levels and vault maps discovered:
D:1:      dpeg_arrival_rooms_a, layout_loops_corners,
          hellmonk_ecumenical_altar_lost_god, minmay_tromino_i4

Action                   || total
-------------------------++-------
Melee: Short sword       ||    13
       Bite              ||     4
       Punch             ||     1
Armor: Robe              ||     1
Dodge: Dodged            ||     8
